 Dungeon Crawl Stone Soup version 0.22.0-49-gab54619 (webtiles) character file.

18 jerryfan the Caller (level 2, -1/17 HPs)
             Began as an Octopode Summoner on Sept 8, 2018.
             Slain by a jackal (2 damage)
             ... on level 2 of the Dungeon.
             The game lasted 00:04:49 (1314 turns).

jerryfan the Caller (Octopode Summoner)             Turns: 1314, Time: 00:04:50

Health: -1/17      AC:  1    Str:  7    XL:     2   Next: 70%
Magic:  2/5        EV: 13    Int: 17    God:
Gold:   54         SH:  0    Dex: 12    Spells: 2/5 levels left

rFire    . . .     SeeInvis .   (no weapon)
rCold    . . .     Gourm    .   (no shield)
rNeg     . . .     Faith    .   (helmet restricted)
rPois    .         Spirit   .   (no amulet)
rElec    .         Reflect  .   (no ring)
rCorr    .         Harm     .   (no ring)
MR       .....                  (no ring)
Stlth    +++.......             (no ring)
HPRegen  0.05/turn              (no ring)
MPRegen  0.09/turn              (no ring)
                                (no ring)
                                (no ring)

@: lethally poisoned (-1 -> -5)
A: almost no armour, stealthy swim, amphibious, 8 rings, constrict 8, camouflage
1, gelatinous body 1
a: no special abilities


You were on level 2 of the Dungeon.
You were hungry.

You visited 1 branch of the dungeon, and saw 2 of its levels.

You collected 54 gold pieces.

Inventory:

Scrolls
 a - a scroll of identify {unknown}
 c - 2 scrolls of amnesia
Comestibles
 b - 4 rations
 d - a chunk of flesh


   Skills:
 + Level 2.2 Dodging
 + Level 3.2 Stealth
 + Level 2.2 Spellcasting
 + Level 4.2 Summonings


You had 2 spell levels left.
You knew the following spells:

 Your Spells              Type           Power        Failure   Level  Hunger
a - Summon Small Mammal   Summ           ###.         3%          1    #......
b - Call Imp              Summ           ###.....     4%          2    ###....

Your spell library contained the following spells:

 Spells                   Type           Power        Failure   Level  Hunger
 Call Canine Familiar     Summ           ###.....     10%         3    ###....
 Summon Guardian Golem    Hex/Summ       #.......     24%         3    ###....
 Summon Ice Beast         Ice/Summ       #.......     61%         4    #####..
 Summon Lightning Spire   Summ/Air       #.......     61%         4    #####..


Dungeon Overview and Level Annotations

Branches:
Dungeon (2/15)

Altars:
Xom


Innate Abilities, Weirdness & Mutations

You cannot wear most types of armour.
You are very stealthy in the water. (Stealth+)
You are amphibious.
You can wear up to eight rings at the same time.
You can use your tentacles to constrict eight enemies at once.
Your skin changes colour to match your surroundings (Stealth+).
Your rubbery body absorbs attacks. (AC +1, EV +1)


Message History

A frilled lizard comes into view.
* * * LOW HITPOINT WARNING * * *
You feel sick.
Your crimson imp looks more healthy.
The jackal bites you.
* * * LOW HITPOINT WARNING * * *
The frilled lizard hisses angrily.
You tentacle-slap the jackal but do no damage.
Your grab misses the jackal.
The jackal is heavily wounded.
The jackal bites you.
* * * LOW HITPOINT WARNING * * *
The adder closely misses you.
Your crimson imp blinks!
You closely miss the jackal. Your grab misses the jackal.
The jackal is heavily wounded.
The jackal closely misses you. The adder bites you.
* * * LOW HITPOINT WARNING * * *
The jackal bites you.
You die...

#...# #...# #
#...# .#
########.).###.###
.......#.<.......#
#.†............
#.##.#..###.#.#
#.##hS....#.#
#.#.@...!...
#.........>.5.!.
...............#
######...#......
#........#
#...#.#.## ##.##.
..# ... . ..


You could see an adder, a jackal and a friendly crimson imp.

Vanquished Creatures
  A leopard gecko (D:1)
  A giant cockroach (D:1)
  A goblin (D:2)
  5 rats
8 creatures vanquished.

Vanquished Creatures (collateral kills)
  A dart slug (D:1)
  A goblin (D:1)
  2 hobgoblins (D:1)
  2 jackals (D:2)
  4 bats
  2 kobolds (D:1)
  3 rats (D:1)
15 creatures vanquished.

Grand Total: 23 creatures vanquished

Notes
Turn   | Place    | Note
-------+----------+-------------------------------------------
     0 | D:1      | jerryfan the Octopode Summoner began the quest for the Orb.
     0 | D:1      | Reached XP level 1. HP: 11/11 MP: 3/3
   576 | D:1      | Reached XP level 2. HP: 15/17 MP: 0/5
   620 | D:1      | Learned a level 2 spell: Call Imp
   741 | D:1      | Found a shimmering altar of Xom.
  1314 | D:2      | Slain by a jackal

Skill      XL: |  1 |
---------------+----+-----
Stealth        | 3 |  3.2
Dodging        | |  2.2
Spellcasting   | |  2.2
Summonings     | |  4.2

Action                   || total
-------------------------++-------
Melee: Unarmed           ||    32
       Constrict         ||     7
       Tentacles         ||     5
 Cast: Summon Small Mamm ||    23
       Call Imp          ||     7
  Use: Scroll            ||     1
 Stab: Distracted        ||     2
       Sleeping          ||     4
  Eat: Chunk             ||     1
Armor: Skin              ||     4
Dodge: Dodged            ||    32
